 Seeded DCSS version 0.32-a0-900-g30fb1b0edc (webtiles) character file.

Game seed: 2024040511 (custom seed)

3987 Orlauf the Cleaver (level 10, -5/80 HPs)
             Began as a Demonspawn Gladiator on Apr 5, 2024.
             Was a High Priest of Uskayaw.
             Slain by Harold
             ... wielding a +0 heavy hand axe
              (13 damage)
             ... on level 9 of the Dungeon.
             The game lasted 00:11:52 (7770 turns).

Orlauf the Cleaver (Demonspawn Gladiator)           Turns: 7770, Time: 00:11:53

Health: -5/80      AC: 11    Str: 17    XL:     10   Next: 3%
Magic:  0/24       EV: 14    Int: 13    God:    Uskayaw [*****.]
Gold:   1602       SH:  0    Dex: 14    Spells: 9/9 levels left

rFire   + . .        a - +1 war axe (heavy)
rCold   + . .        (no shield)
rNeg    . . .        h - +0 scale mail
rPois   .            c - +1 helmet
rElec   .            C - scarf {rC+ rF+}
rCorr   .            D - +2 pair of gloves {Stlth+}
SInv    .            (no boots)
Will    .....        k - amulet of guardian spirit
Stlth   +            t - ring of flight
HPRegen 0.33/turn    f - ring of magical power
MPRegen 0.19/turn

%: clarity, guardian spirit
@: agile, marked, flying, hasted, studying Staves, very quick
A: powered by pain 3, clarity, clever 1
a: Renounce Religion, Stomp, Line Pass, Grand Finale


You were on level 9 of the Dungeon.
You worshipped Uskayaw.
Uskayaw was noncommittal.
You visited 1 branch of the dungeon, and saw 9 of its levels.
You also visited: Sewer.

You collected 1602 gold pieces.

Inventory:

Hand Weapons
 a - a +1 heavy war axe (weapon)
 b - a +6 morningstar
 o - a +0 mace
 v - a +0 hand axe
 G - a +0 war axe
Missiles
 d - 3 throwing nets (quivered)
 e - 3 javelins
 m - 8 poisoned darts
Armour
 c - a +1 helmet (worn)
 h - a +0 scale mail (worn)
 C - a scarf of resistance (worn)
 D - a +2 pair of gloves of stealth (worn)
Jewellery
 f - a ring of magical power (right hand)
 k - an amulet of guardian spirit (around neck)
 l - a ring of ice
 t - a ring of flight (left hand)
 F - a ring of protection from cold
Wands
 w - a wand of polymorph (11)
 z - a wand of flame (17)
 A - a wand of light (21)
 J - a wand of paralysis (12)
Scrolls
 j - 2 scrolls of immolation
 s - 2 scrolls of enchant armour
 y - 3 scrolls of fog
 E - a scroll of teleportation
 H - a scroll of brand weapon
 I - a scroll of poison
Potions
 g - 2 potions of berserk rage
 i - a potion of magic
 n - 2 potions of mutation
 p - a potion of resistance
 q - a potion of haste
 u - 2 potions of invisibility {unknown}
 x - a potion of lignification {unknown}
 B - 2 potions of might {unknown}


   Skills:
 + Level 7.9 Fighting
 * Level 10.3 Axes
 - Level 1.7 Throwing
 - Level 2.6 Dodging
 + Level 7.4 Invocations


You had 9 spell levels left.
You didn't know any spells.
Your spell library contained the following spells:

 Spells                   Type           Power      Damage    Failure   Level
 Apportation              Tloc           0%         N/A       75%         1
 Magic Dart               Conj           0%         1d3       75%         1
 Necrotise                Necr           0%         1d4       75%         1
 Sting                    Conj/Alch      0%         1d3       75%         1
 Summon Small Mammal      Summ           0%         N/A       75%         1
 Blink                    Tloc           0%         N/A       86%         2
 Call Imp                 Summ           0%         N/A       86%         2
 Ensorcelled Hibernation  Hex/Ice        0%         N/A       86%         2
 Static Discharge         Conj/Air       0%         3-3/arc   86%         2
 Passwall                 Erth           0%         N/A       98%         3
 Sigil of Binding         Hex            0%         N/A       98%         3
 Swiftness                Air            0%         N/A       98%         3
 Tukima's Dance           Hex            0%         N/A       98%         3
 Airstrike                Air            0%         2d(0-16)  100%        4
 Olgreb's Toxic Radiance  Alch           0%         N/A       100%        4
 Passage of Golubria      Tloc           0%         N/A       100%        4
 Summon Lightning Spire   Summ/Air       0%         N/A       100%        4
 Yara's Violent Unravell  Hex/Alch       0%         3d3       100%        5
 Death Channel            Necr           0%         N/A       100%        6
 Sculpt Simulacrum        Ice/Alch       0%         N/A       100%        6
 Ozocubu's Refrigeration  Ice            0%         4d7       100%        7
 Discord                  Hex            0%         N/A       100%        8


Dungeon Overview and Level Annotations

Branches:
Dungeon (9/15)             Temple (0/1) D:7           Sewer (visited)
   Lair: D:8-11         Orc: D:9-12

Altars:
Ashenzari
Cheibriados
Dithmenos
Fedhas
Hepliaklqana
Trog
Uskayaw

Annotations:
D:9 Gastronok, Harold


Innate Abilities, Weirdness & Mutations

You are powered by pain.
You possess an exceptional clarity of mind.
Your mind is acute. (Int +4, Str/Dex -1)


Message History

The ufetubus hits you but does no damage.
The ufetubus hits you.
* * * LOW HITPOINT WARNING * * *
Harold casts a spell at you. The mark upon you grows brighter.
The rat completely misses you. The wolf bites you but does no damage.
You hit Harold but do no damage.
Harold is severely wounded.
You slash the wolf!
You kill the wolf!
You closely miss the rat. You miss the ufetubus.
The ufetubus closely misses you. x2; Harold closely misses you.
Gastronok waves his eye-stalks in wide circles.
The air twists around and strikes you!
* * * LOW HITPOINT WARNING * * *
The rat completely misses you. The ufetubus barely misses you.
The ufetubus hits you.
* * * LOW HITPOINT WARNING * * *
You hit Harold but do no damage.
Harold is severely wounded.
You barely miss the rat. You barely miss the ufetubus.
The ufetubus hits you but does no damage.
The ufetubus closely misses you. The rat barely misses you.
Harold barely misses you.
You hit Harold but do no damage.
Harold is severely wounded.
You hit the rat. You hit the ufetubus.
You kill the ufetubus!
You feel briefly sluggish. The rat bites you.
* * * LOW HITPOINT WARNING * * *
You barely miss Harold.
Harold is severely wounded.
You slash the rat!
You kill the rat!
The rat's corpse disappears in a puff of smoke!
Harold hits you with a +0 heavy hand axe!
You die...
Harold sighs, "Nothing for old Harold but painting after this."
Your body falls in perfect tune with the rhythm.

#.. #.# .# #.#
.# #.# .# #.# .#
#<# ####.### ..
#.####......'...
#.#))...#†#..w..
#..()...@§...#
###).∩..@##.##
#......#
#......#
###....# ###.##
#.# #.# #.#


You could see Gastronok and Harold.

Vanquished Creatures
  3 wyverns
  Grum (D:8)
  2 water moccasins
  2 sky beasts
  An orc warrior (D:9)
  2 black bears
  5 wolves
  An ogre (D:6)
  A phantom (D:4)
  8 bullfrogs
  3 scorpions
  6 wights (D:7)
  4 howler monkeys (D:7)
  3 bombardier beetles
  A gnoll bouda (D:7)
  2 hounds
  2 jellies
  2 orc priests
  5 iguanas
  3 orc wizards
  4 sleepcaps
  2 centaur simulacra (D:9)
  4 gnolls (D:8)
  13 adders
  3 river rats (Sewer)
  2 shadow imps (D:4)
  2 white imps
  6 ufetubi
  2 dart slugs
  2 ribbon worms
  23 orcs
  25 ball pythons
  9 endoplasms
  4 giant cockroaches
  7 goblins
  9 hobgoblins
  16 jackals
  2 kobolds (D:1)
  7 quokkas
  3 bats
  3 frilled lizards
  20 rats
225 creatures vanquished.

Notes
Turn   | Place    | Note
-------+----------+-------------------------------------------
     0 | D:1      | Orlauf the Demonspawn Gladiator began the quest for the
                  | Orb.
     0 | D:1      | Reached XP level 1. HP: 16/16 MP: 1/1
    84 | D:1      | Reached skill level 3 in Axes
   101 | D:1      | Gained mutation: You sometimes gain a little power by
                  | taking damage. [demonic ancestry]
   101 | D:1      | Reached XP level 2. HP: 5/22 MP: 2/2
   636 | D:1      | Found a faded altar of an unknown god.
   743 | D:1      | Reached XP level 3. HP: 28/28 MP: 3/3
  1710 | D:3      | Found a snail-covered altar of Cheibriados.
  1751 | D:3      | Reached skill level 4 in Axes
  1751 | D:3      | Reached XP level 4. HP: 35/35 MP: 4/4
  1853 | D:3      | Found a bloodstained altar of Trog.
  2349 | D:4      | Gained mutation: You sometimes gain power by taking damage.
                  | [demonic ancestry]
  2349 | D:4      | Reached XP level 5. HP: 21/41 MP: 2/5
  2359 | D:4      | Gained mutation: Your health recovers twice as slowly from
                  | being drained. [potion of mutation]
  2359 | D:4      | Lost mutation: Your health recovers twice as slowly from
                  | being drained. [potion of mutation]
  2359 | D:4      | Gained mutation: You possess an exceptional clarity of
                  | mind. [potion of mutation]
  2359 | D:4      | Gained mutation: Your mind is acute. (Int +4, Str/Dex -1)
                  | [potion of mutation]
  2467 | D:4      | Found a transporter.
  2494 | D:4      | Found a blossoming altar of Fedhas.
  2509 | D:4      | Found a shadowy altar of Dithmenos.
  2568 | D:4      | Noticed a phantom
  2576 | D:4      | Killed a phantom
  2577 | D:4      | Reached skill level 5 in Axes
  2635 | D:4      | Reached XP level 6. HP: 21/48 MP: 2/6
  2706 | D:4      | Found a glowing drain.
  2716 | Sewer    | Entered a sewer
  3042 | Sewer    | Reached skill level 6 in Axes
  3057 | Sewer    | Reached XP level 7. HP: 6/55 MP: 2/7
  3243 | Sewer    | Identified a scroll of acquirement
  3243 | Sewer    | Acquired 1016 gold pieces
  3406 | D:4      | Found a transporter.
  3667 | D:4      | Reached skill level 5 in Fighting
  3846 | D:5      | Entered Level 5 of the Dungeon
  4137 | D:5      | Found a hide-covered altar of Uskayaw.
  4153 | D:5      | Reached skill level 7 in Axes
  4164 | D:5      | Became a worshipper of Uskayaw the Reveller
  4177 | D:5      | Found a hazy altar of Hepliaklqana.
  4179 | D:5      | Reached * piety under Uskayaw
  4213 | D:5      | Reached ** piety under Uskayaw
  4214 | D:5      | Reached skill level 1 in Invocations
  4217 | D:5      | Reached *** piety under Uskayaw
  4378 | D:5      | Reached XP level 8. HP: 63/63 MP: 9/9
  5381 | D:6      | Found a broken altar of Ashenzari.
  5420 | D:6      | Reached skill level 8 in Axes
  5785 | D:6      | Acquired a +2 pair of gloves of stealth
  5918 | D:7      | Reached **** piety under Uskayaw
  5921 | D:7      | Reached ***** piety under Uskayaw
  5931 | D:7      | Reached ****** piety under Uskayaw
  6208 | D:7      | Reached skill level 5 in Invocations
  6208 | D:7      | Reached XP level 9. HP: 68/71 MP: 12/12
  6249 | D:7      | Found a staircase to the Ecumenical Temple.
  6507 | D:7      | Reached skill level 9 in Axes
  7511 | D:8      | Noticed Grum
  7517 | D:8      | Reached skill level 10 in Axes
  7520 | D:8      | Killed Grum
  7745 | D:9      | Noticed Harold
  7747 | D:9      | Gained mutation: You are powered by pain. [demonic
                  | ancestry]
  7747 | D:9      | Reached XP level 10. HP: 59/80 MP: 15/15
  7757 | D:9      | Noticed Gastronok
  7770 | D:9      | Slain by Harold

Illustrated notes

Levels and vault maps discovered:
D:1:      saegor_arrival_simple_c, layout_loops_corners,
          hellmonk_ecumenical_altar_run_dry
D:2:      layout_basic, serial_forest, infiniplex_forest_clump_diagonal,
          infiniplex_forest_clump_curved, infiniplex_forest_clump_C,
          infiniplex_forest_clump_cross, infiniplex_forest_straight_2,
          corexii_hall_statues_l, chequers_serial_rivers_room_b,
          interstate_on_off, minmay_misc_feat_diagonals, st_stairs_3
D:3:      layout_rooms, trog_three_pillars_becter, slow_altar_1
D:4:      gammafunk_wand_slinger, layout_basic, mainiacjoe_overflow_alcove_1,
          fedhas_altar_2, cheibrodos_sewer_entry_drain, grunt_decor_one_mirror,
          minmay_large_rounded_square
D:5:      layout_basic, mainiacjoe_overflow_swirl
D:6:      layout_cave_pools, nicolae_ashenzari_panopticon
D:7:      layout_basic, minmay_temple_entry_arrows, minmay_manual_mail
D:8:      nicolae_BIG_FREAKIN_CUBE, layout_rooms, uniq_grum
D:9:      layout_loops_corners, nicolae_overflow_two_pavilions, serial_ice,
          serial_ice_k, serial_ice_c, serial_ice_a, serial_ice_g, serial_ice_e,
          serial_ice_n, serial_ice_m, serial_ice_d, uniq_harold, uniq_gastronok,
          uniq_jeremiah

Skill      XL: |  1  2  3  4  5  6  7  8  9 |
---------------+----------------------------+-----
Axes           | 3 4 5 6 7 8 10 | 10.3
Fighting       | 3 4 5 6 7 |  7.9
Invocations    | 1 5 7 |  7.4
Throwing       | |  1.7
Dodging        | |  2.6

Action                     |  1- 3 |  4- 6 |  7- 9 | 10-12 || total
---------------------------+-------+-------+-------+-------++-------
  Melee: War axe           |   157 |   180 |   214 |    17 ||   568
         Morningstar       |       |       |     2 |       ||     2
  Throw: Throwing net      |       |     1 |       |       ||     1
    Use: Scroll            |     5 |       |    12 |       ||    17
         Potion            |       |     4 |       |     2 ||     6
   Stab: Sleeping          |     1 |       |       |       ||     1
         Paralysed         |       |       |    18 |       ||    18
 Armour: Leather armour    |    71 |       |       |       ||    71
         Scale mail        |    37 |   195 |   280 |    23 ||   535
  Dodge: Dodged            |    92 |   123 |   191 |    31 ||   437

Table legend: (Time is in decaauts)
 A = Elapsed time spent in this place.
 B = Non-inter-level travel time spent in this place.
 C = Inter-level travel time spent in this place.
 D = Time resting spent in this place.
 E = Time spent auto-exploring this place.
 F = Levels seen in this place.
 G = Mean time per level.
                   A        B        C        D        E       F      G
               +--------+--------+--------+--------+--------+-----+--------+
         Total |   8015 |   7806 |    209 |    491 |   5569 |  10 |  801.5 |
       Dungeon |   7456 |   7247 |    209 |    347 |   5286 |   9 |  828.4 |
         Sewer |    558 |    558 |      0 |    144 |    283 |   1 |  558.0 |
               +--------+--------+--------+--------+--------+-----+--------+

Top non-repeatable levels by time:
     D:5: 1319 daAuts
     D:7: 1237 daAuts
     D:4: 1042 daAuts
     D:1: 1041 daAuts
     D:6: 785 daAuts
     D:2: 715 daAuts
     D:8: 656 daAuts
     D:3: 613 daAuts
   Sewer: 558 daAuts
     D:9: 44 daAuts
